 Dungeon Crawl Stone Soup version 0.29.0-13-gc9e81de378 (webtiles) character file.

Game seed: 14570833302001995143

11 SnakkuSnakku7 the Caller (level 2, -1/23 HPs)
             Began as a Ghoul Summoner on Sept 8, 2022.
             Killed from afar by a dart slug (2 damage)
             ... with a slug dart
             ... on level 2 of the Dungeon.
             The game lasted 00:01:01 (441 turns).

SnakkuSnakku7 the Caller (Ghoul Summoner)            Turns: 441, Time: 00:01:02

Health: -1/23      AC:  2    Str: 11    XL:     2   Next: 25%
Magic:  3/3        EV: 12    Int: 10    God:
Gold:   11         SH:  0    Dex:  9    Spells: 3/4 levels left

rFire   + . .      SeeInvis .     - Unarmed
rCold   + . .      Faith    .   (no shield)
rNeg    + + +      Spirit   .   c - +0 robe {rF+}
rPois   ∞          Reflect  .   (no helmet)
rElec   .          Harm     .   (no cloak)
rCorr   .          Rampage  .   (no gloves)
Will    .....                   (no boots)
Stlth   ++........              (no amulet)
HPRegen 0.00/turn               (no ring)
MPRegen 0.08/turn               (no ring)

@: inhibited regen
A: claws 1, cold resistance 1, negative energy resistance 3, inhibited
regeneration, torment resistance 2, devour on kill
a: no special abilities


You were on level 2 of the Dungeon.
You visited 1 branch of the dungeon, and saw 2 of its levels.

You collected 11 gold pieces.

Inventory:

Armour
 a - a +0 robe
 c - a +0 robe of fire resistance (worn)
Jewellery
 f - an amulet of magic regeneration
Scrolls
 g - a scroll of vulnerability {unknown}
 h - a scroll of enchant weapon {unknown}
Potions
 b - a potion of magic
 d - a potion of haste {unknown}
 e - a potion of berserk rage {unknown}


   Skills:
 + Level 1.3 Fighting
 - Level 1.7 Dodging
 - Level 2.1 Stealth
 + Level 1.3 Unarmed Combat
 - Level 1.7 Spellcasting
 - Level 3.6 Summonings


You had 3 spell levels left.
You knew the following spells:

 Your Spells              Type           Power      Damage    Failure   Level
a - Summon Small Mammal   Summ           32%        N/A       8%          1

Your spell library contained the following spells:

 Spells                   Type           Power      Damage    Failure   Level
 Call Imp                 Summ           8%         N/A       11%         2
 Call Canine Familiar     Summ           8%         N/A       22%         3
 Summon Guardian Golem    Hex/Summ       4%         N/A       43%         3
 Summon Lightning Spire   Summ/Air       4%         N/A       83%         4


Dungeon Overview and Level Annotations

Branches:
Dungeon (1/15)

Altars:


Innate Abilities, Weirdness & Mutations

You are immune to poison.
You have sharp fingernails.
Your flesh is cold resistant. (rC+)
You are immune to negative energy. (rN+++)
You do not regenerate when monsters are visible.
You are immune to unholy pain and torment.
You thrive by killing the living.


Message History

The bat hits you but does no damage. The bat hits you but does no damage.
You scratch the bat.
You kill the bat!
No target in view!
No target in view!
You open the door.
Found a whip.
There is an open door here.
HP restored.
h - a scroll labelled IWEOZY ACZAMU A worm comes into view.
A dart slug comes into view.
Found a faded altar of an unknown god.
The dart slug launches a dart at you. The slug dart misses you.
Found 11 gold pieces.
You scratch the worm.
The worm is lightly wounded.
The worm closely misses you.
You scratch the worm but do no damage.
The worm is lightly wounded.
The worm bites you.
You scratch the worm.
The worm is moderately wounded.
The dart slug launches a dart at you. The slug dart hits you.
You scratch the worm.
The worm is heavily wounded.
The worm bites you!
* * * LOW HITPOINT WARNING * * *
You are too injured to fight recklessly!
You are too injured to fight recklessly!
You are too injured to fight recklessly!
The dart slug launches a dart at you. The slug dart hits you.
* * * LOW HITPOINT WARNING * * *
The dart slug launches a dart at you. The slug dart hits you.
You die...

... ##+###........... #.#
##.).##........... #.####
##.....#♣..∩..8..8. #.##.##
##..................
#.#...####...................
#........'........∩.w∩..♣.._.
#.#...####..................$
#.##.## ##........w.........
#.#### ##....@#8..8.....8.
#.# ##...#########.##. #.#
##+## ... #.##### ## ......#
#.###.## #.##...##
#.#.....####. #.....:......


You could see a worm and a dart slug.

Vanquished Creatures
  A ball python (D:1)
  A bat (D:2)
  2 goblins (D:1)
  2 hobgoblins (D:1)
  A quokka (D:1)
  A frilled lizard (D:1)
  A rat (D:1)
9 creatures vanquished.

Notes
Turn   | Place    | Note
-------+----------+-------------------------------------------
     0 | D:1      | SnakkuSnakku7 the Ghoul Summoner began the quest for the
                  | Orb.
     0 | D:1      | Reached XP level 1. HP: 14/14 MP: 2/2
   210 | D:1      | Reached skill level 1 in Fighting
   210 | D:1      | Reached skill level 1 in Unarmed Combat
   210 | D:1      | Reached XP level 2. HP: 21/23 MP: 3/3
   382 | D:1      | You fall into a shaft and drop 1 floor!
   431 | D:2      | Found a faded altar of an unknown god.
   438 | D:2      | HP: 1/23 [dart slug/slug dart (3)]
   441 | D:2      | Killed from afar by a dart slug

Illustrated notes

Levels and vault maps discovered:
D:1:      eino_arrival_tree_alley, layout_basic, serial_shops, shop
D:2:      layout_loops_corners, hellmonk_ecumenical_altar_arch_garden

Skill      XL: |  1 |
---------------+----+-----
Fighting       | 1 |  1.3
Unarmed Combat | 1 |  1.3
Dodging        | |  1.7
Stealth        | |  2.1
Spellcasting   | |  1.7
Summonings     | |  3.6

Action                   || total
-------------------------++-------
Melee: Unarmed           ||    35
 Stab: Sleeping          ||     1
Armor: Robe              ||     8
Dodge: Dodged            ||    16
